General information
- name: BNet
- type: Ladder team game (AT/RT)
- host: Battle.net
- saver: sc2no.wc4yes
map: FullScaleAssault
- players: 8
- length: 32:19
- speed: Fast
- version: 1.26 W3XP
- replay type: Public
» download(216 KB)
Players
team 1 (loser)
CoachDan (
red | 52 APM | 1687 actions | 32:19)
10 Archmage
3 Summon Water Elemental
3 Brilliance Aura
1 Mass Teleport
3 Blizzard
1 Death Knight
1 Death Coil
» actions
| Assign group hotkey | 61 | |
| Basic commands | 41 | |
| Build / train | 94 | |
| Enter build submenu | 22 | |
| Enter hero's abilities submenu | 11 | |
| Give item / drop item | 2 | |
| Remove unit from queue | 4 | |
| Right click | 625 | |
| Select / deselect | 326 | |
| Select group hotkey | 422 | |
| Use ability | 76 | |
1687 total
» units
| Peasant | 25 | |
| Crypt Fiend | 2 | |
| Gryphon Rider | 13 | |
| Blue Dragon Whelp | 1 | |
| Blue Drake | 1 | |
| Dragonhawk Rider | 12 | |
54 total
» upgrades
| Masonry | 1 | |
| Lumber Harvesting | 2 | |
| Storm Hammers | 1 | |
| Swords | 3 | |
| Armor | 3 | |
| Cloud | 1 | |
11 total
» buildings
| Altar of Kings | 1 | |
| Farm | 11 | |
| Arcane Vault | 1 | |
| Town Hall | 2 | |
| Lumber Mill | 2 | |
| Keep | 1 | |
| Castle | 1 | |
| Gryphon Aviary | 3 | |
| Guard Tower | 1 | |
| Blacksmith | 1 | |
24 total
» build order
00:09 Altar of Kings
00:21 Farm
01:20 Arcane Vault
01:54 Farm
03:19 Town Hall
04:33 Lumber Mill
04:40 Lumber Mill
05:17 Keep
07:50 Castle
08:22 Gryphon Aviary
08:23 Gryphon Aviary
08:52 Farm
09:46 Farm
09:47 Farm
09:48 Farm
10:00 Guard Tower
10:39 Blacksmith
11:08 Farm
11:09 Farm
11:13 Gryphon Aviary
13:26 Farm
13:29 Farm
13:45 Farm
29:20 Town Hall
» items
| Scroll of Regeneration | 3 | |
| Lesser Clarity Potion | 2 | |
| Scroll of Town Portal | 3 | |
| Ivory Tower | 2 | |
10 total
mtldemolition (
purple | 31 APM | 992 actions | 32:19)
6 Blademaster
1 Wind Walk
3 Critical Strike
1 Mirror Image
1 Bladestorm
6 Death Knight
1 Death Coil
3 Unholy Aura
1 Death Pact
1 Animate Dead
2 Shadow Hunter
1 Healing Wave
1 Serpent Ward
1 Tauren Chieftain
1 Endurance Aura
» actions
| Basic commands | 2 | |
| Build / train | 98 | |
| Enter build submenu | 45 | |
| Enter hero's abilities submenu | 15 | |
| Give item / drop item | 2 | |
| Remove unit from queue | 1 | |
| Right click | 340 | |
| Select / deselect | 398 | |
| Use ability | 91 | |
992 total
» units
| Peon | 6 | |
| Grunt | 5 | |
| Crypt Fiend | 14 | |
| Tauren | 7 | |
| Ghoul | 1 | |
| Frost Wyrm | 15 | |
| Acolyte | 5 | |
53 total
» upgrades
| Armor | 2 | |
| Creature Attack | 1 | |
| Web | 1 | |
| Freezing Breath | 1 | |
| Reinforced Defenses | 1 | |
6 total
» buildings
| Orc Burrow | 8 | |
| Altar of Storms | 1 | |
| Barracks | 1 | |
| War Mill | 3 | |
| Stronghold | 1 | |
| Voodoo Lounge | 1 | |
| Watch Tower | 15 | |
| Halls of the Dead | 1 | |
| Spirit Tower | 3 | |
| Ziggurat | 5 | |
| Fortress | 1 | |
| Crypt | 1 | |
| Black Citadel | 1 | |
| Sacrificial Pit | 1 | |
| Tauren Totem | 2 | |
| Boneyard | 2 | |
| Necropolis | 2 | |
| Nerubian Tower | 3 | |
52 total
» build order
00:10 Orc Burrow
00:30 Altar of Storms
00:42 Barracks
01:29 Orc Burrow
02:17 War Mill
03:11 Stronghold
03:59 Voodoo Lounge
04:06 Watch Tower
04:17 Halls of the Dead
04:27 Orc Burrow
04:40 Spirit Tower
04:41 Spirit Tower
04:48 Watch Tower
05:02 Ziggurat
05:40 Fortress
06:05 Crypt
06:35 Orc Burrow
07:05 Black Citadel
07:17 Sacrificial Pit
08:10 Tauren Totem
08:39 Ziggurat
08:52 Tauren Totem
09:49 Orc Burrow
10:09 Boneyard
10:15 Boneyard
12:12 Ziggurat
12:59 Ziggurat
14:37 Necropolis
15:15 Ziggurat
18:59 War Mill
20:55 Necropolis
21:30 Orc Burrow
21:32 Watch Tower
21:37 Watch Tower
22:34 Watch Tower
22:40 Orc Burrow
22:58 Spirit Tower
23:00 Nerubian Tower
23:55 Watch Tower
24:03 Watch Tower
24:37 Watch Tower
25:56 Nerubian Tower
25:57 Nerubian Tower
26:39 Watch Tower
26:45 Watch Tower
28:10 Watch Tower
28:32 Watch Tower
28:40 Watch Tower
29:18 Watch Tower
29:22 Watch Tower
31:21 War Mill
31:45 Orc Burrow
» items
| Scroll of Town Portal | 3 | |
| Orb of Corruption | 1 | |
| Rod of Necromancy | 1 | |
| Orb of Lightning | 2 | |
| Potion of Healing | 2 | |
| Scroll of Speed | 1 | |
10 total
TittiesMcGee (
orange | 118 APM | 3802 actions | 32:19)
10 Death Knight
3 Death Coil
3 Unholy Aura
1 Animate Dead
3 Death Pact
» actions
| Assign group hotkey | 47 | |
| Basic commands | 85 | |
| Build / train | 68 | |
| Enter build submenu | 25 | |
| Enter hero's abilities submenu | 11 | |
| Give item / drop item | 5 | |
| Remove unit from queue | 3 | |
| Right click | 1160 | |
| Select / deselect | 431 | |
| Select group hotkey | 1887 | |
| Use ability | 79 | |
3802 total
» units
| Acolyte | 7 | |
| Ghoul | 5 | |
| Crypt Fiend | 12 | |
| Frost Wyrm | 14 | |
38 total
» upgrades
| Creature Attack | 3 | |
| Web | 1 | |
| Creature Carapace | 3 | |
| Freezing Breath | 1 | |
8 total
» buildings
| Crypt | 1 | |
| Graveyard | 4 | |
| Altar of Darkness | 1 | |
| Ziggurat | 12 | |
| Tomb of Relics | 1 | |
| Halls of the Dead | 1 | |
| Nerubian Tower | 1 | |
| Spirit Tower | 2 | |
| Black Citadel | 1 | |
| Sacrificial Pit | 1 | |
| Boneyard | 3 | |
| Necropolis | 1 | |
29 total
» build order
00:07 Crypt
00:09 Graveyard
00:22 Graveyard
00:27 Graveyard
00:50 Altar of Darkness
01:10 Ziggurat
01:35 Tomb of Relics
01:46 Ziggurat
03:46 Ziggurat
04:11 Halls of the Dead
06:28 Ziggurat
06:29 Nerubian Tower
06:30 Spirit Tower
08:30 Black Citadel
09:44 Ziggurat
09:46 Ziggurat
09:47 Ziggurat
09:48 Ziggurat
11:00 Spirit Tower
11:11 Sacrificial Pit
12:24 Boneyard
12:25 Boneyard
14:35 Boneyard
15:49 Graveyard
15:52 Necropolis
27:44 Ziggurat
27:45 Ziggurat
27:45 Ziggurat
27:46 Ziggurat
» items
| Rod of Necromancy | 1 | |
| Scroll of Town Portal | 5 | |
6 total

»
plentyofooooos (
pink | 42 APM | 126 actions | 03:00)
» actions
| Assign group hotkey | 2 | |
| Build / train | 15 | |
| Enter build submenu | 7 | |
| Right click | 58 | |
| Select / deselect | 38 | |
| Use ability | 6 | |
126 total
» units
| Acolyte | 2 | |
| Ghoul | 4 | |
| Crypt Fiend | 5 | |
11 total
» buildings
| Graveyard | 1 | |
| Crypt | 1 | |
| Ziggurat | 2 | |
| Altar of Darkness | 1 | |
| Tomb of Relics | 1 | |
6 total
» build order
00:12 Graveyard
00:18 Crypt
00:41 Ziggurat
01:02 Altar of Darkness
01:16 Ziggurat
01:41 Tomb of Relics
team 2 (winner)
acfuuiii (
blue | 88 APM | 2854 actions | 32:19)
7 Mountain King
3 Storm Bolt
3 Bash
1 Avatar
2 Blood Mage
1 Flame Strike
1 Siphon Mana
» actions
| Assign group hotkey | 36 | |
| Build / train | 98 | |
| Enter build submenu | 21 | |
| Enter hero's abilities submenu | 9 | |
| Give item / drop item | 4 | |
| Right click | 1410 | |
| Select / deselect | 464 | |
| Select group hotkey | 724 | |
| Use ability | 88 | |
2854 total
» units
| Peasant | 15 | |
| Rifleman | 9 | |
| Goblin Shredder | 1 | |
| Goblin Zeppelin | 1 | |
| Mortar Team | 11 | |
| Siege Engine | 10 | |
| Dryad | 2 | |
49 total
» upgrades
| Gunpowder | 3 | |
| Masonry | 1 | |
| Long Rifles | 1 | |
| Fragmentation Shards | 1 | |
| Barrage | 1 | |
| Flare | 1 | |
| Swords | 1 | |
| Armor | 1 | |
10 total
» buildings
| Altar of Kings | 1 | |
| Farm | 10 | |
| Barracks | 2 | |
| Blacksmith | 1 | |
| Arcane Vault | 1 | |
| Keep | 1 | |
| Lumber Mill | 1 | |
| Castle | 1 | |
| Workshop | 2 | |
| Town Hall | 3 | |
| Scout Tower | 7 | |
| Gryphon Aviary | 1 | |
| Tree of Life | 1 | |
32 total
» build order
00:22 Altar of Kings
00:38 Farm
00:53 Barracks
01:14 Farm
01:51 Farm
02:03 Blacksmith
02:28 Arcane Vault
03:13 Keep
03:19 Farm
03:24 Barracks
03:36 Lumber Mill
04:33 Farm
06:11 Castle
06:14 Workshop
06:20 Town Hall
07:29 Scout Tower
07:29 Scout Tower
07:29 Scout Tower
07:30 Scout Tower
07:30 Scout Tower
07:30 Scout Tower
07:31 Scout Tower
08:32 Workshop
10:15 Town Hall
10:32 Farm
10:32 Farm
10:32 Farm
10:32 Farm
10:33 Farm
16:02 Gryphon Aviary
26:39 Town Hall
28:49 Tree of Life
» items
| Potion of Healing | 7 | |
| Scroll of Regeneration | 6 | |
| Lesser Clarity Potion | 1 | |
| Orb of Fire | 3 | |
| Potion of Mana | 2 | |
| Scroll of Town Portal | 4 | |
| Scroll of Healing | 1 | |
| Scroll of Protection | 1 | |
| Potion of Lesser Invulnerability | 1 | |
26 total

»
sc2no.wc4yes (
green | 64 APM | 2069 actions | 32:19)
8 Death Knight
3 Death Coil
3 Unholy Aura
1 Animate Dead
1 Death Pact
7 Lich
3 Frost Nova
3 Dark Ritual
1 Death and Decay
3 Dark Ranger
2 Silence
1 Life Drain
» actions
| Assign group hotkey | 78 | |
| Basic commands | 69 | |
| Build / train | 81 | |
| ESC pressed | 2 | |
| Enter build submenu | 22 | |
| Enter hero's abilities submenu | 18 | |
| Give item / drop item | 2 | |
| Remove unit from queue | 1 | |
| Right click | 822 | |
| Select / deselect | 285 | |
| Select group hotkey | 585 | |
| Use ability | 104 | |
2069 total
» units
| Acolyte | 8 | |
| Ghoul | 6 | |
| Frost Wyrm | 13 | |
| Goblin Zeppelin | 1 | |
| Goblin Shredder | 1 | |
| Dryad | 3 | |
32 total
» upgrades
| Creature Carapace | 2 | |
| Ghoul Frenzy | 1 | |
| Creature Attack | 3 | |
| Freezing Breath | 1 | |
| Nature's Blessing | 1 | |
8 total
» buildings
| Crypt | 1 | |
| Ziggurat | 8 | |
| Altar of Darkness | 1 | |
| Halls of the Dead | 2 | |
| Necropolis | 2 | |
| Graveyard | 1 | |
| Black Citadel | 1 | |
| Sacrificial Pit | 1 | |
| Tomb of Relics | 1 | |
| Boneyard | 6 | |
24 total
» build order
00:10 Crypt
00:12 Ziggurat
00:40 Altar of Darkness
00:55 Ziggurat
03:11 Halls of the Dead
03:12 Halls of the Dead
04:31 Necropolis
04:34 Ziggurat
04:37 Graveyard
05:34 Black Citadel
06:24 Sacrificial Pit
06:25 Tomb of Relics
06:55 Ziggurat
06:55 Ziggurat
08:07 Boneyard
08:07 Boneyard
08:09 Boneyard
08:10 Boneyard
08:10 Boneyard
08:31 Boneyard
09:05 Ziggurat
09:06 Ziggurat
09:07 Ziggurat
09:29 Necropolis
» items
| Boots of Speed | 1 | |
| Orb of Corruption | 2 | |
| Scroll of Town Portal | 8 | |
| Scroll of Healing | 1 | |
12 total

»
williamburkin (
teal | 47 APM | 1193 actions | 25:15)
5 Demon Hunter
1 Mana Burn
2 Evasion
2 Immolation
4 Priestess of the Moon
2 Trueshot Aura
2 Searing Arrows
2 Warden
1 Fan of Knives
1 Shadow Strike
» actions
| Assign group hotkey | 24 | |
| Build / train | 61 | |
| Enter build submenu | 16 | |
| Enter hero's abilities submenu | 11 | |
| Give item / drop item | 2 | |
| Right click | 430 | |
| Select / deselect | 298 | |
| Select group hotkey | 319 | |
| Use ability | 32 | |
1193 total
» units
» upgrades
| Reinforced Hides | 3 | |
| Abolish Magic | 1 | |
| Strength of the Wild | 2 | |
6 total
» buildings
| Moon Well | 9 | |
| Altar of Elders | 1 | |
| Ancient of War | 1 | |
| Ancient of Wonders | 1 | |
| Hunter's Hall | 1 | |
| Tree of Ages | 1 | |
| Ancient of Lore | 2 | |
| Tree of Eternity | 1 | |
| Ancient of Wind | 1 | |
18 total
» build order
00:20 Moon Well
00:38 Altar of Elders
00:59 Ancient of War
02:02 Moon Well
02:19 Ancient of Wonders
03:00 Hunter's Hall
03:05 Moon Well
03:45 Tree of Ages
04:06 Moon Well
04:47 Moon Well
05:38 Moon Well
06:08 Ancient of Lore
06:12 Ancient of Lore
06:16 Tree of Eternity
07:56 Moon Well
11:32 Moon Well
12:36 Moon Well
16:11 Ancient of Wind

»
Gromkar (
yellow | 34 APM | 995 actions | 29:13)
5 Lich
3 Frost Nova
2 Frost Armor
4 Dark Ranger
2 Black Arrow
2 Life Drain
» actions
| Assign group hotkey | 27 | |
| Basic commands | 9 | |
| Build / train | 92 | |
| Enter build submenu | 17 | |
| Enter hero's abilities submenu | 9 | |
| Remove unit from queue | 1 | |
| Right click | 275 | |
| Select / deselect | 203 | |
| Select group hotkey | 328 | |
| Use ability | 34 | |
995 total
» units
| Acolyte | 7 | |
| Ghoul | 4 | |
| Crypt Fiend | 52 | |
63 total
» upgrades
| Creature Attack | 3 | |
| Creature Carapace | 3 | |
| Web | 1 | |
| Burrow | 1 | |
8 total
» buildings
| Ziggurat | 10 | |
| Crypt | 2 | |
| Altar of Darkness | 1 | |
| Graveyard | 1 | |
| Nerubian Tower | 1 | |
| Halls of the Dead | 1 | |
| Spirit Tower | 4 | |
| Black Citadel | 1 | |
21 total
» build order
00:23 Ziggurat
00:33 Crypt
00:52 Altar of Darkness
02:06 Ziggurat
02:35 Graveyard
03:23 Ziggurat
04:23 Nerubian Tower
04:59 Halls of the Dead
07:12 Ziggurat
10:23 Ziggurat
10:28 Ziggurat
10:44 Crypt
11:26 Spirit Tower
11:44 Ziggurat
13:49 Black Citadel
14:40 Ziggurat
14:42 Spirit Tower
16:05 Ziggurat
16:08 Spirit Tower
27:36 Ziggurat
28:06 Spirit Tower
» items
| Scroll of Healing | 1 | |
| Scroll of Town Portal | 1 | |
2 total
Chat log
(00:06 / All) williamburkin: anyone in here smoke weed?
(00:11 / All) TittiesMcGee: yes
(00:12 / All) CoachDan: stfu
(00:15 / All) TittiesMcGee: does a bear shit in the wood
(00:16 / All) Gromkar: fosho
(00:16 / All) TittiesMcGee: coach dan is mad
(00:17 / All) williamburkin: anyone high right now?
(00:18 / All) TittiesMcGee: ^^
(00:25 / All) Gromkar: yeeee
(00:30 / All) williamburkin: What kind of weed?
(00:31 / All) sc2no.wc4yes: ive got like a 10% win rate with stoner allies in this game
(00:37 / All) TittiesMcGee: green is a total faggot
(00:41 / All) TittiesMcGee: sorry hes your allie
(00:42 / All) williamburkin: LOL
(00:43 / All) Gromkar: sour dies X super silver haze
(00:50 / All) williamburkin: whoa
(00:57 / All) williamburkin: i was gonna get some soul d tonight but i didnt
(00:58 / All) CoachDan: talkig about weed on wc3 is like talking about hockey in prison. who gives a fuck
(01:05 / All) sc2no.wc4yes: lol
(01:06 / All) Gromkar: me
(01:08 / All) TittiesMcGee: coach dan is 30 playing this game still
(01:10 / All) Gromkar: i give a fuck
(01:11 / All) sc2no.wc4yes: some people weed is their whole life
(01:12 / All) williamburkin: talking about hockey in prison? i dont get it
(01:22 / All) CoachDan: Exactly
(01:24 / All) CoachDan: so stfu
(01:27 / All) Gromkar: weed ain't my whole life but it's pretty dope
(01:27 / All) sc2no.wc4yes: i cant help but wonder if they would be like that if it were legal
(01:35 / All) Gromkar: yes
(01:36 / All) CoachDan: big fuckin nightmare
(01:38 / All) TittiesMcGee: feel bad for coach dan
(01:39 / All) Gromkar: cause its dope
(01:48 / All) williamburkin: drugs are bad mmkay
(01:56 / All) Gromkar: rofl
(02:21 / Allies) Gromkar: they just hatin teal
(02:32 / Allies) williamburkin: u must be so blitzed right now
(02:48 / Allies) Gromkar: very, smoked a blunt to myself -__-
(02:53 / Allies) williamburkin: jesus
(03:00 / All) TittiesMcGee: unless i am stoned
(03:17 / Allies) Gromkar: rofl, this nigga bout to get owned. im goin fiends
(03:29 / Allies) williamburkin: dryads
(03:43 / Allies) williamburkin: let me know if anyone needs wood
(04:39 / Allies) williamburkin: anyone need wood?
(04:46 / Allies) sc2no.wc4yes: ill take some if youre givign it awa
(04:46 / Allies) Gromkar: im good
(05:10 / Allies) sc2no.wc4yes: u guys should probably expo if you dont wanna be fighting an enemy with twice your gold
(05:25 / Allies) Gromkar: k
(05:50 / All) TittiesMcGee: green
(05:50 / All) TittiesMcGee: be nice
(07:06 / Allies) sc2no.wc4yes: big mob of tier 1 might be headed our way topside
(07:16 / Allies) sc2no.wc4yes: hopefully they will jsut creep
(07:27 / All) sc2no.wc4yes: u got enough peons it hat ming
(07:32 / All) CoachDan: im waiting for ya
(07:33 / All) CoachDan: lmao
(07:37 / Allies) Gromkar: web otw
(08:10 / All) CoachDan: nice mh
(08:14 / All) CoachDan: takes skill
(08:20 / All) sc2no.wc4yes: who hacks u
(08:22 / All) sc2no.wc4yes: easy repiot
(08:30 / All) CoachDan: lmao
(08:34 / All) CoachDan: hacks thn lies
(09:04 / All) TittiesMcGee: when are u gonna be done with the wyrms
(09:14 / All) sc2no.wc4yes: who wyrms u
(09:16 / All) sc2no.wc4yes: easy to counter
(09:20 / All) TittiesMcGee: what?
(09:50 / Allies) Gromkar: call to arms blu
(10:18 / Allies) sc2no.wc4yes: wood pls
(10:22 / Allies) sc2no.wc4yes: soemone yanked the shredder
(12:46 / Allies) sc2no.wc4yes: lol
(12:47 / Allies) sc2no.wc4yes: faggot ghoul
(13:21 / Allies) williamburkin: otw
(13:27 / Allies) sc2no.wc4yes: they have a shitload of air
(13:32 / Allies) Gromkar: web :)
(13:40 / Allies) williamburkin: green wait
(13:46 / Allies) sc2no.wc4yes: no im tiping after i hit
(13:49 / Allies) sc2no.wc4yes: facing them woudl eb suicide
(14:01 / Allies) Gromkar: so all meet and hit top?
(14:30 / Allies) williamburkin: blue what the fuck
(15:05 / Allies) williamburkin: green come
(15:11 / Allies) sc2no.wc4yes: stay back
(15:12 / Allies) sc2no.wc4yes: defend oru town
(15:15 / Allies) sc2no.wc4yes: ill try to fiorce a tp again
(15:27 / Allies) sc2no.wc4yes: t pout
(15:29 / Allies) sc2no.wc4yes: thats all tier 3
(15:31 / Allies) sc2no.wc4yes: tier 1 cants tand up
(15:41 / Allies) williamburkin: what the fuck are you idiots doing
(15:45 / Allies) Gromkar: seriously
(16:27 / Allies) sc2no.wc4yes: tping
(16:29 / Allies) sc2no.wc4yes: then we fight top
(16:34 / Allies) sc2no.wc4yes: go now
(16:36 / Allies) sc2no.wc4yes: they are split up
(16:42 / Allies) sc2no.wc4yes: we dont need rifle boy
(16:43 / Allies) sc2no.wc4yes: rifles sucka nyway
(17:36 / All) williamburkin: gg
(17:42 / All) CoachDan: gotta hack to win
(17:43 / All) CoachDan: sad
(17:44 / All) CoachDan: Sad
(17:45 / All) CoachDan: sad
(17:51 / All) williamburkin: who's hacking?
(17:52 / All) sc2no.wc4yes: who hacks
(17:54 / All) sc2no.wc4yes: u?
(17:56 / All) CoachDan: u do green
(17:59 / All) CoachDan: dont fucking lie u cunt
(18:00 / Allies) williamburkin: lol
(18:01 / All) TittiesMcGee: he does
(18:04 / All) TittiesMcGee: ive seen him do it before
(18:07 / All) TittiesMcGee: He admits
(18:19 / All) sc2no.wc4yes: i use no aerial shackles hack
(18:23 / All) sc2no.wc4yes: makes enemy hawks stop working
(18:24 / All) williamburkin: no one is hacking
(18:30 / All) TittiesMcGee: green hacks
(18:32 / All) TittiesMcGee: ive played with him
(18:37 / All) TittiesMcGee: He also touches little boys
(18:56 / Allies) Gromkar: y tp teal?
(19:12 / Allies) williamburkin: i dont want to lose my base
(19:19 / Allies) Gromkar: oh, i didn't see oj down there
(19:36 / All) sc2no.wc4yes: u should have made 60 food of gyros
(19:40 / All) sc2no.wc4yes: you know iw as gonna go wyrms
(20:02 / All) williamburkin: leave please
(20:10 / Allies) Gromkar: ya im not hittin w/ u blue
(20:15 / All) TittiesMcGee: run bitch
(20:16 / All) TittiesMcGee: hahahaha
(20:45 / Allies) Gromkar: we need to all hit together
(20:53 / Allies) Gromkar: bring to me teal
(21:16 / Allies) williamburkin: u stupid fucks
(21:25 / All) williamburkin: gg
(22:00 / Allies) Gromkar: have nother unit rdy
(22:13 / Allies) sc2no.wc4yes: cant u dispel
(22:14 / Allies) sc2no.wc4yes: ?
(22:20 / Allies) Gromkar: otw
(22:28 / Allies) williamburkin: u guys r horrible
(23:16 / Allies) williamburkin: why the fuck are you splitting up
(23:17 / Allies) Gromkar: blue, green, what r u guys doin?
(23:31 / Allies) sc2no.wc4yes: i know attack moving and tabbing out is the easiest way to play this game
(23:35 / Allies) sc2no.wc4yes: but its not necessarily the best
(23:46 / Allies) Gromkar: what the fuck?
(24:18 / Allies) sc2no.wc4yes: now you should attack move tho
(24:19 / Allies) sc2no.wc4yes: cuz u are all aa
(24:55 / Allies) williamburkin: u guys r fucking horrible
(24:57 / Allies) Gromkar: what the fuck are you talking about
(25:12 / Allies) williamburkin: fuck you all
(25:17 / Allies) sc2no.wc4yes: yeah i dont see how you outshined us
(25:20 / Allies) sc2no.wc4yes: oh i see
(25:22 / Allies) sc2no.wc4yes: he didnt expo
(25:25 / Allies) sc2no.wc4yes: and hes mad because hes out of gold
(25:42 / Allies) sc2no.wc4yes: free tp
(25:50 / Allies) sc2no.wc4yes: back
(25:51 / Allies) sc2no.wc4yes: get way back
(25:55 / Allies) sc2no.wc4yes: we cant aford any more suicdes
(26:12 / Allies) Gromkar: IF WE ALL ATTACK TOGETHER WE WIN
(26:37 / Allies) sc2no.wc4yes: avoid fighting them for now
(26:41 / Allies) sc2no.wc4yes: i think were rebuyidlign faster htan them
(27:03 / Allies) Gromkar: well here they come get ready
(27:06 / Allies) sc2no.wc4yes: all have a tp?
(27:10 / Allies) Gromkar: no
(27:31 / Allies) sc2no.wc4yes: tanks guy
(27:33 / Allies) sc2no.wc4yes: get ur tanks with ur hero
(27:35 / Allies) sc2no.wc4yes: and lets tp home
(27:51 / Allies) Gromkar: fuck teals base
(28:21 / Allies) Gromkar: meet at me
(28:36 / Allies) sc2no.wc4yes: lets tp ffs
(28:41 / Allies) sc2no.wc4yes: tanks guy
(28:43 / Allies) sc2no.wc4yes: im not going with out u
(28:51 / Allies) sc2no.wc4yes: TP
(29:00 / Allies) Gromkar: u guys suck cock
(29:01 / Allies) sc2no.wc4yes: back up
(29:02 / Allies) sc2no.wc4yes: go norht
(29:03 / Allies) sc2no.wc4yes: dont suicide
(29:05 / Allies) sc2no.wc4yes: jsut cuz its your base
(29:09 / Allies) Gromkar: what the FUCK
(29:13 / Allies) sc2no.wc4yes: hes a mexican
(29:32 / All) sc2no.wc4yes: fromkar listeninging to to much dido
(29:35 / All) sc2no.wc4yes: had to go down with his ship